AoeStats
← Mees1180

Black Forest

504856447Analyzed
2v2 RM · 26d ago on Sep 6, 2026· 40m 19s· 4 players
Game mode
Random Map
Map size
Medium (4 player)
Population
200
Speed
Normal
Resources
Standard
Victory
Conquest
Starting age
Dark Age
Ending age
Imperial Age
RankedLock teamsTeams togetherTeam positionsShared explorationLock speedFull tech treeHidden civsTurbo modeCheats
Victory
Defeat
🇦🇷 Slavs · Argentina
956
+38
🇦🇷 Bohemians · Argentina
954
+38
🇳🇱 Huns · Netherlands
1000
-54
🇱🇻 Armenians · Latvia
816
-10
Mурадин
12:29 Feudal Age
10:58 Loom
12:59 Man-at-Arms
14:17 Long Swordsman
17:25 Scale Mail Armor
18:33 Horse Collar
20:44 Forging
25:47 Pikeman
Mees1180
8:01 Loom
9:47 Feudal Age
15:33 Double-Bit Axe
19:20 Horse Collar
24:55 Bloodlines
26:56 Castle Age
25:32 Gold Mining
25:33 Stone Mining
26:27 Forging
27:03 Bloodlines
28:57 Stone Mining
29:49 Husbandry
30:20 Heavy Plow
32:06 Gold Shaft Mining
Sensei
7:47 Loom
9:59 Feudal Age
13:18 Man-at-Arms
23:02 Castle Age
21:19 Forging
21:15 Scale Mail Armor
21:01 Double-Bit Axe
23:44 Long Swordsman
25:02 Bow Saw
26:19 Iron Casting
25:59 Chain Mail Armor
31:22 Squires
33:18 Wheelbarrow
32:29 Town Watch
40:19 Hand Cart
sabesqueno
5:39 Loom
13:09 Feudal Age
15:03 Man-at-Arms
17:03 Wheelbarrow
17:36 Horse Collar
21:08 Double-Bit Axe
22:14 Forging
28:02 Castle Age
30:29 Husbandry
31:49 Scale Barding Armor
34:15 Chemistry
Connection lost

Rejoining the realm…

Still unreachable

The connection could not be restored.

Session expired

The server has moved on; the page needs a fresh start.